 Dungeon Crawl Stone Soup version 0.27-a0-404-g4390dbc5be (webtiles) character file.

Game seed: 11798414490292153677

49 CurlyBrace the Caller (level 3, 16/16 HPs)
             Began as a Felid Summoner on Feb 22, 2021.
             Quit the game on level 5 of the Dungeon.
             The game lasted 00:09:02 (735 turns).

CurlyBrace the Caller (Felid Summoner)               Turns: 735, Time: 00:09:02

Health: 16/16      AC:  1    Str:  5    XL:     3   Next: 51%
Magic:  7/7        EV: 18    Int: 16    God:
Gold:   76         SH:  0    Dex: 16    Spells: 5/6 levels left
                                        Lives:  0   Deaths: 1

rFire    . . .     SeeInvis +     - Unarmed
rCold    . . .     Faith    .   (shield unavailable)
rNeg     . . .     Spirit   .   (armour unavailable)
rPois    +         Reflect  .   (helmet unavailable)
rElec    .         Harm     .   (cloak unavailable)
rCorr    .         Rampage  .   (gloves unavailable)
Will     .....                  (boots unavailable)
Stlth    +++.......             (no amulet)
HPRegen  0.05/turn              o - ring of poison resistance
MPRegen  0.10/turn              (no ring)

@: quick
A: very small, no armour, no weapons or thrown items, stealth, claws 1, fangs 3,
see invisible, speed 1, shaggy fur 1, sharp paws
a: no special abilities


You were on level 5 of the Dungeon.
You visited 1 branch of the dungeon, and saw 5 of its levels.

You collected 76 gold pieces.

Inventory:

Jewellery
 o - a ring of poison resistance (left paw)
   (You found it on level 5 of the Dungeon)
Scrolls
 c - a scroll of enchant weapon


   Skills:
 + Level 2.7 Fighting
 - Level 3.0 Dodging
 - Level 3.0 Stealth
 + Level 2.7 Unarmed Combat
 - Level 2.0 Spellcasting
 - Level 4.0 Summonings


You had 5 spell levels left.
You knew the following spells:

 Your Spells              Type           Power        Failure   Level
a - Summon Small Mammal   Summ           56%          4%          1

Your spell library contained the following spells:

 Spells                   Type           Power        Failure   Level
 Call Imp                 Summ           14%          6%          2
 Call Canine Familiar     Summ           14%          12%         3
 Summon Guardian Golem    Hex/Summ       8%           26%         3
 Summon Ice Beast         Ice/Summ       8%           65%         4
 Summon Lightning Spire   Summ/Air       8%           65%         4


Dungeon Overview and Level Annotations

Branches:
Dungeon (5/15)
 Temple: D:4-7

Altars:
Uskayaw

Annotations:
D:4 exclusion: worker ant, Soborki's ghost, amateur MiBe
D:5 1 runed translucent door, Menkaure


Innate Abilities, Weirdness & Mutations

You cannot wear armour.
You are incapable of wielding weapons or throwing items.
Your paws allow you to move quietly. (Stealth)
You have sharp claws.
You have razor-sharp teeth.
You have supernaturally acute eyesight. (SInv)
You cover ground quickly.
You are covered in fur. (AC +1)
Your sharp claws are effective at attacking unaware monsters.


Message History

The killer bee zombie closely misses you.
You swap places.
Your bat barely misses the killer bee zombie.
The killer bee zombie hits your bat but does no damage.
Casting: Summon Small Mammal (safe; 4% risk of failure)
Confirm with . or Enter, or press ? or * to list all spells.
You don't know that spell.
Unknown command.
Unknown command.
Casting: Summon Small Mammal (safe; 4% risk of failure)
Confirm with . or Enter, or press ? or * to list all spells.
Your bat closely misses the killer bee zombie. x2
The killer bee zombie hits your bat.
Your bat hits the killer bee zombie.
The killer bee zombie closely misses your bat.
Unknown command.
Unknown command.
You swap places.
You hear the hiss of a very distant avalanche of sand.
The killer bee zombie hits your bat.
Your bat dies!
Your bat's corpse disappears in a puff of smoke!
Your bat closely misses the killer bee zombie.
Your bat misses the killer bee zombie.
Unknown command.
Attack: -) Teeth and claws
Press: ? - help, Dir - move target, f - you
Okay, then.
Your bat barely misses the killer bee zombie.
Found 14 gold pieces.
Your bat barely misses the killer bee zombie.
Unknown command.
The killer bee zombie hits you!
You die...
You are now level 3!
You rejoin the land of the living...
Unknown command.
Unknown command.
Unknown command.
Unknown command.
Are you sure you want to abandon this character and quit the game? (Confirm with "yes".)

####.###############
#......@...........#
#.##.#############.#
# ..# #.# # ..####.#
####.# #
..M....#######....#
# .#
#..........##.## #
.#
##.#########...####
.# #.# #....).. .#
#.# #...##.#


There were no monsters in sight!

Vanquished Creatures
  A centaur zombie (D:4)
  A hound (D:4)
  An adder skeleton (D:4)
  An orc (D:3)
  A giant cockroach (D:2)
  2 goblins (D:3)
  A jackal (D:5)
  2 frilled lizards
10 creatures vanquished.

Vanquished Creatures (collateral kills)
  A hound (D:4)
  An ooze (D:3)
  A goblin (D:3)
  2 jackals (D:5)
  A quokka (D:5)
  A bat (D:1)
  A jackal zombie (D:5)
  A kobold (D:3)
9 creatures vanquished.

Grand Total: 19 creatures vanquished

Notes
Turn   | Place    | Note
-------+----------+-------------------------------------------
     0 | D:1      | CurlyBrace the Felid Summoner began the quest for the Orb.
     0 | D:1      | Reached XP level 1. HP: 7/7 MP: 4/4
   109 | D:3      | Reached skill level 1 in Fighting
   109 | D:3      | Reached XP level 2. HP: 9/12 MP: 3/6
   192 | D:3      | You fall into a shaft and drop 1 floor!
   246 | D:4      | Reached skill level 1 in Unarmed Combat
   293 | D:4      | Noticed a phantom
   310 | D:4      | Found a transporter.
   313 | D:4      | Noticed Soborki's ghost (amateur MiBe)
   326 | D:4      | Reached XP level 3. HP: 8/16 MP: 2/7
   328 | D:4      | Found a transporter.
   388 | D:4      | Reached XP level 4. HP: 19/19 MP: 1/8
   401 | D:5      | Entered Level 5 of the Dungeon
   443 | D:4      | Found a hide-covered altar of Uskayaw.
   518 | D:5      | HP: 1/20 [quokka (4)]
   583 | D:5      | Found a runed translucent door.
   610 | D:5      | Noticed Menkaure
   679 | D:5      | HP: 1/20 [jackal (3)]
   734 | D:5      | Slain by a killer bee zombie
   735 | D:5      | Reached XP level 3. HP: -5/16 MP: 1/7
   735 | D:5      | Quit the game

Illustrated notes

Levels and vault maps discovered:
D:1:      giann_bridges, layout_basic
D:2:      layout_rooms, nicolae_overflow_crystal_walls,
          lemuel_coloured_pillars_altar, uniq_jessica, uniq_terence
D:3:      kennysheep_six_static_rooms, layout_loops_corners, xom_redecorated
D:4:      layout_layer_cave, kennysheep_ying_yang, overflow_temple_1_default,
          gammafunk_ghost_mausoleum, kennysheep_generic_room_3
D:5:      layout_loops_ring, serial_shops,
          nicolae_shop_temple_entry_statues_fountains,
          nicolae_ossuary_entry_false_entrances, uniq_menkaure,
          uniq_crazy_yiuf_cottage

Skill      XL: |  1  2  3 |
---------------+----------+-----
Fighting       | 1 2 |  2.7
Stealth        | 3 |  3.0
Unarmed Combat | 1 2 |  2.7
Dodging        | 3 |  3.0
Spellcasting   | |  2.0
Summonings     | |  4.0

Action                   |  1- 3 |  4- 6 || total
-------------------------+-------+-------++-------
Melee: Unarmed           |    36 |    13 ||    49
       Bite              |     3 |     1 ||     4
 Cast: Summon Small Mamm |    17 |    20 ||    37
  Use: Scroll            |     2 |     4 ||     6
       Potion            |     3 |       ||     3
 Stab: Sleeping          |     4 |     1 ||     5
Armor: Skin              |     2 |     1 ||     3
Dodge: Dodged            |    40 |    10 ||    50

Table legend: (Time is in decaauts)
 A = Elapsed time spent in this place.
 B = Non-inter-level travel time spent in this place.
 C = Inter-level travel time spent in this place.
 D = Time resting spent in this place.
 E = Time spent auto-exploring this place.
 F = Levels seen in this place.
 G = Mean time per level.
                   A        B        C        D        E       F      G
               +--------+--------+--------+--------+--------+-----+--------+
         Total |    647 |    647 |      0 |      0 |      0 |   5 |  129.4 |
       Dungeon |    647 |    647 |      0 |      0 |      0 |   5 |  129.4 |
               +--------+--------+--------+--------+--------+-----+--------+

Top non-repeatable levels by time:
     D:4: 248 daAuts
     D:5: 205 daAuts
     D:3: 122 daAuts
     D:1: 45 daAuts
     D:2: 25 daAuts
